 Dungeon Crawl Stone Soup version 0.27.1-35-g4d5d836560 (console) character file.

Game seed: 4445825370103130729

2338 grimtooth the Destroyer (level 9, -3/53 HPs)
             Began as a Tengu Conjurer on Mar 7, 2022.
             Was a Believer of Vehumet.
             Slain by a gnoll sergeant (7 damage)
             ... while paralysed by a hornet
             ... on level 7 of the Dungeon.
             The game lasted 00:33:41 (8778 turns).

grimtooth the Destroyer (Tengu Conjurer)            Turns: 8778, Time: 00:33:41

Health: -3/53      AC:  5    Str:  7    XL:     9   Next: 43%
Magic:  3/16       EV:  2    Int: 22    God:    Vehumet [**....]
Gold:   431        SH:  0    Dex: 13    Spells: 5/16 levels left

rFire    . . .     SeeInvis .   x - +0 dagger (protect)
rCold    . . .     Faith    .   (no shield)
rNeg     . . .     Spirit   .   a - +0 robe
rPois    .         Reflect  +   (helmet restricted)
rElec    .         Harm     .   o - +2 cloak
rCorr    .         Rampage  .   (no gloves)
Will     .....                  (boots unavailable)
Stlth    ++........             q - amulet of reflection
HPRegen  0.17/turn              (no ring)
MPRegen  0.15/turn              (no ring)

@: paralysed, lethally poisoned (-3 -> -23), flying quickly and evasively,
slowed, quick
A: beak, talons 3, nimble flight
a: Renounce Religion


You were on level 7 of the Dungeon.
You worshipped Vehumet.
Vehumet was pleased with you.
You visited 2 branches of the dungeon, and saw 8 of its levels.
You also visited: Sewer.

You collected 431 gold pieces.

Inventory:

Hand Weapons
 j - a +0 short sword of protection
 x - a +0 dagger of protection (weapon)
Missiles
 d - 44 arrows
 f - 43 stones (quivered)
 t - 5 javelins
 v - 40 sling bullets
Armour
 a - a +0 robe (worn)
 o - a +2 cloak (worn)
Jewellery
 q - an amulet of reflection (around neck)
Wands
 G - a wand of digging (6)
 H - a wand of acid (7)
Scrolls
 b - 2 scrolls of fog {unknown}
 k - 2 scrolls of holy word {unknown}
 l - 4 scrolls of teleportation {unknown}
 s - 2 scrolls of noise
 u - a scroll of enchant weapon {unknown}
 w - 2 scrolls of vulnerability {unknown}
 y - a scroll of blinking {unknown}
 A - a scroll of summoning {unknown}
 B - 2 scrolls of enchant armour {unknown}
 C - a scroll of fear {unknown}
 E - a scroll of immolation {unknown}
Potions
 c - 2 potions of mutation
 e - 3 potions of heal wounds
 g - a potion of cancellation {unknown}
 h - 3 potions of brilliance
 i - a potion of attraction
 m - 3 potions of might
 n - a potion of curing
 p - a potion of resistance
 r - a potion of ambrosia
 z - a potion of haste
 D - a potion of lignification {unknown}
 F - a potion of magic {unknown}


   Skills:
 + Level 4.9 Fighting
 - Level 2.1 Dodging
 - Level 4.0 Stealth
 - Level 4.0 Spellcasting
 - Level 9.0 Conjurations
 * Level 2.8 Hexes
 - Level 6.0 Translocations


You had 5 spell levels left.
You knew the following spells:

 Your Spells              Type           Power      Damage    Failure   Level
a - Magic Dart            Conj           100%       1d8       1%          1
b - Searing Ray           Conj           88%        3d6       1%          2
d - Iskenderun's Mystic   Conj/Tloc      37%        2d9       4%          4
f - Fulminant Prism       Conj/Hex       15%        3d11      10%         4

Your spell library contained the following spells:

 Spells                   Type           Power      Damage    Failure   Level
 Poisonous Vapours        Pois/Air       8%         N/A       17%         2
 Static Discharge         Conj/Air       24%        N/A       2%          2
 Dazzling Flash           Conj/Hex       60%        N/A       3%          3
 Sticky Flame             Conj/Fire      24%        2d5       17%         4
 Dispel Undead            Necr           4%         3d7       73%         4


Dungeon Overview and Level Annotations

Branches:
Dungeon (7/15)             Temple (1/1) D:5           Sewer (visited)

Altars:
Ashenzari
Cheibriados
Dithmenos
Fedhas
Gozag
Hepliaklqana
Kikubaaqudgha
Makhleb
Nemelex Xobeh
Okawaru
Qazlal
Ru
Sif Muna
Vehumet
Wu Jian
The Shining One

Shops:
D:7 :


Innate Abilities, Weirdness & Mutations

You have a beak for a mouth.
You have claws for feet.
Your magical nature lets you fly swiftly and evasively.


Message History

Aim: a hornet (wandering, hasn't noticed you, 100% to hit)
The magic dart hits the hornet!
The hornet is moderately wounded.
The hornet buzzes angrily.
Casting: Magic Dart (safe; 1% risk of failure)
Confirm with . or Enter, or press ? or * to list all spells.
Aiming: Searing Ray (safe; 1% risk of failure)
Press: ? - help, Shift-Dir - straight line, f/p - hornet
Aim: a hornet (moderately wounded, 73% to hit)
The searing ray hits the hornet.
The hornet is moderately wounded. (Press . to maintain the ray.)
The hornet stings you.
You feel yourself slow down.
The searing ray hits the hornet.
The hornet is heavily wounded.
You feel yourself speed up. The hornet stings you.
You feel yourself slow down.
A gnoll sergeant comes into view. It is wielding a +2 spear of flaming.
The hornet stings you.
You feel as though you will be slow longer.
You block the gnoll sergeant's attack.
The searing ray hits the hornet!
The hornet is almost dead.
You finish channeling your searing ray.
You hear an angry hiss.
The hornet stings you!
You suddenly lose the ability to move!
An iguana comes into view.
The gnoll sergeant hits you with a +2 spear of flaming!
The gnoll sergeant burns you. The hornet stings you!
* * * LOW HITPOINT WARNING * * *
You are lethally poisoned!
You feel as though you will be slow longer.
* * * LOW HITPOINT WARNING * * *
You feel very sick. The hornet stings you.
* * * LOW HITPOINT WARNING * * *
You are more poisoned.
You feel as though you will be slow longer.
The gnoll sergeant hits you with a +2 spear of flaming!
You die...

#. #.# . #g...##
# #..... .#
##.#g###. .......
#######+#.#...#
#.........###.#
#......∩..#@#.#
#.....<...gy#.# #
#.........#).[#.#
#####...#.##....#
#.###.#.....#
#.....#.l..##
#######'#....
.@......
..........
.......$...
####'#...Z...


You could see a hornet, a gnoll sergeant and an iguana.

Vanquished Creatures
  Joseph (D:7)
  Sigmund (D:2)
  A wyvern (D:5)
  Menkaure (D:5)
  A water moccasin (D:6)
  3 sky beasts (D:6)
  A black bear (D:6)
  An ice beast (D:6)
  A centaur (D:6)
  An ogre (D:5)
  A scorpion (D:5)
  3 howler monkeys
  4 hounds
  A jelly (D:6)
  2 orc priests (D:5)
  Crazy Yiuf (D:2)
  4 iguanas
  2 bullfrog skeletons
  2 centaur skeletons
  An orc wizard (D:5)
  A killer bee zombie (D:7)
  Robin (D:2)
  3 gnolls (D:2)
  3 adders
  A shadow imp (D:5)
  A white imp (D:7)
  An ufetubus (D:5)
  An adder skeleton (D:4)
  7 worms
  A dart slug (D:3)
  10 orcs
  8 bats
  11 endoplasms
  6 giant cockroaches
  19 goblins
  6 hobgoblins
  10 jackals
  4 quokkas
  10 ball pythons
  5 frilled lizards
  5 kobolds
  10 rats
157 creatures vanquished.

Vanquished Creatures (others)
  A gnoll (D:7)
  A fulminant prism (D:7)
2 creatures vanquished.

Grand Total: 159 creatures vanquished

Notes
Turn   | Place    | Note
-------+----------+-------------------------------------------
     0 | D:1      | grimtooth the Tengu Conjurer began the quest for the Orb.
     0 | D:1      | Reached XP level 1. HP: 10/10 MP: 4/4
   217 | D:1      | Reached XP level 2. HP: 15/15 MP: 4/6
   280 | D:1      | Reached skill level 6 in Conjurations
   834 | D:1      | Reached XP level 3. HP: 19/19 MP: 4/7
  1114 | D:1      | Learned a level 2 spell: Searing Ray
  1234 | D:2      | Reached skill level 7 in Conjurations
  1342 | D:2      | Reached XP level 4. HP: 24/24 MP: 6/8
  1679 | D:2      | Noticed Robin
  1691 | D:2      | Killed Robin
  1695 | D:2      | Noticed Sigmund
  2075 | D:2      | Reached skill level 8 in Conjurations
  2333 | D:2      | Killed Sigmund
  2334 | D:2      | Reached skill level 9 in Conjurations
  2334 | D:2      | Gained mutation: Your magical nature lets you fly swiftly
                  | and evasively. [Tengu growth]
  2334 | D:2      | Reached XP level 5. HP: 28/28 MP: 1/9
  2334 | D:2      | Reached XP level 6. HP: 32/32 MP: 1/10
  2339 | D:2      | Learned a level 4 spell: Iskenderun's Mystic Blast
  2451 | D:2      | Found a runed translucent door.
  2452 | D:2      | Noticed Crazy Yiuf
  2458 | D:2      | Killed Crazy Yiuf
  3326 | D:3      | Found a faded altar of an unknown god.
  5277 | D:5      | Entered Level 5 of the Dungeon
  5367 | D:5      | Reached XP level 7. HP: 36/36 MP: 4/13
  5449 | D:5      | Found a staircase to the Ecumenical Temple.
  5456 | Temple   | Entered the Ecumenical Temple
  5599 | Temple   | Became a worshipper of Vehumet
  5696 | D:5      | Noticed Menkaure
  5899 | D:5      | Noticed a wyvern
  5910 | D:5      | Killed a wyvern
  6394 | D:5      | Reached XP level 8. HP: 41/41 MP: 10/15
  6860 | D:5      | Killed Menkaure
  7133 | D:6      | Reached skill level 5 in Translocations
  7406 | D:6      | Reached * piety under Vehumet
  7406 | D:6      | Offered knowledge of Sandblast by Vehumet.
  7412 | D:6      | Learned a level 4 spell: Fulminant Prism
  7480 | D:6      | Found a glowing drain.
  7517 | Sewer    | Entered a sewer
  8193 | D:6      | Reached ** piety under Vehumet
  8194 | D:6      | Reached XP level 9. HP: 52/52 MP: 3/16
  8413 | D:6      | Reached skill level 1 in Hexes
  8423 | D:6      | Offered knowledge of Poisonous Vapours by Vehumet.
  8634 | D:7      | Found Ofedany's Book Emporium.
  8751 | D:7      | Noticed Joseph
  8761 | D:7      | Killed Joseph
  8772 | D:7      | Noticed a hornet
  8777 | D:7      | Paralysed by a hornet for 2 turns
  8778 | D:7      | Slain by a gnoll sergeant

Illustrated notes

Levels and vault maps discovered:
D:1:      giann_wishing_wells, layout_basic
D:2:      layout_loops_ring, minmay_misc_feat_alley,
          hangedman_decor_diamond_cutter, uniq_crazy_yiuf_cottage, uniq_robin,
          uniq_sigmund
D:3:      layout_basic, shapermc_ecumenical_altar_flowoftime,
          minmay_misc_feat_roman
D:4:      layout_basic
D:5:      layout_basic, minmay_temple_entry_waves, uniq_menkaure
D:6:      layout_cave_pools, cheibrodos_sewer_entry_bend, st_stairs_5
D:7:      layout_basic, serial_shops, shop, fountainhead, minmay_ruined_shrine,
          uniq_harold, uniq_joseph
Temple:   regret_index_temple_sphere_string

Skill      XL: |  1  2  3  4  5  6  7  8  9 |
---------------+----------------------------+-----
Conjurations   | 6 7 9 |  9.0
Stealth        | 3 4 |  4.0
Spellcasting   | 3 4 |  4.0
Translocations | 3 6 |  6.0
Fighting       | 4 |  4.9
Hexes          | 2 |  2.8
Dodging        | |  2.1

Action                   |  1- 3 |  4- 6 |  7- 9 || total
-------------------------+-------+-------+-------++-------
Melee: Short sword       |       |    10 |       ||    10
       Kick              |       |     1 |     2 ||     3
       Peck              |       |     1 |     1 ||     2
       Dagger            |       |       |     3 ||     3
Throw: Stone             |       |       |     3 ||     3
 Cast: Magic Dart        |    46 |    74 |    70 ||   190
       Searing Ray       |     3 |    16 |    34 ||    53
       Iskenderun's Myst |       |       |     2 ||     2
       Fulminant Prism   |       |       |     1 ||     1
  Use: Potion            |       |     1 |       ||     1
       Scroll            |       |     7 |     2 ||     9
 Stab: Sleeping          |       |     1 |       ||     1
Armor: Robe              |     1 |     3 |    19 ||    23
Dodge: Dodged            |       |    11 |    50 ||    61
Block: Other             |       |       |     8 ||     8
